 Dungeon Crawl Stone Soup version 0.22.1-2-g9c5b331 (webtiles) character file.

1502 Monzz the Cleaver (level 8, -8/63 HPs)
             Began as a Hill Orc Monk on Dec 15, 2018.
             Was a Believer of Beogh.
             Mangled by a skeletal warrior
             ... wielding a +0 short sword
              (15 damage)
             ... on level 7 of the Dungeon.
             The game lasted 00:21:47 (5762 turns).

Monzz the Cleaver (Hill Orc Monk)                   Turns: 5762, Time: 00:21:48

Health: -8/63      AC: 13    Str: 15 (16) XL:     8   Next: 82%
Magic:  5/8        EV: 13    Int:  8 (10) God:    Beogh [**....]
Gold:   269        SH:  0    Dex: 16 (18) Spells: 7/7 levels left

rFire    + . .     SeeInvis .   o - +5 war axe
rCold    + . .     Gourm    .   (no shield)
rNeg     . . .     Faith    .   i - +0 chain mail
rPois    +         Spirit   .   n - +0 helmet
rElec    +         Reflect  .   k - +0 cloak
rCorr    +         Harm     .   (no gloves)
MR       .....                  (no boots)
Stlth    ..........             (no amulet)
HPRegen  0.20/turn              (no ring)
MPRegen  0.11/turn              (no ring)

@: agile, resistant, flying
A: frail 1, high mp 1, shaggy fur 1, electricity resistance
a: Smiting, Renounce Religion


You were on level 7 of the Dungeon.
You worshipped Beogh.
Beogh was pleased with you.
You were hungry.

You visited 1 branch of the dungeon, and saw 7 of its levels.

You collected 269 gold pieces.

Inventory:

Hand Weapons
 b - a +0 short sword of venom
 o - a +5 war axe (weapon)
Armour
 i - a +0 chain mail (worn)
 k - a +0 cloak (worn)
 n - a +0 helmet (worn)
Jewellery
 f - a +4 ring of dexterity {unknown}
 p - an uncursed amulet of magic regeneration {unknown}
 q - an uncursed ring of magical power {unknown}
Wands
 j - a wand of scattershot (3)
 l - a wand of acid (9)
 s - a wand of flame (15)
Scrolls
 a - 4 scrolls of identify
 e - 3 scrolls of remove curse
 r - a scroll of enchant weapon
Potions
 d - a potion of degeneration
 g - a potion of curing
 h - 2 potions of flight
Comestibles
 c - 9 rations


   Skills:
 + Level 6.1 Fighting
 + Level 10.5 Axes
 + Level 5.4 Armour
 + Level 3.5 Dodging
 + Level 2.1 Stealth


You had 7 spell levels left.
You didn't know any spells.
Your spell library was empty.

Dungeon Overview and Level Annotations

Branches:
Dungeon (7/15)
 Temple: D:4-7

Altars:
Dithmenos
Ru
Trog
Beogh

Shops:
D:5 %   D:6 %[%[


Innate Abilities, Weirdness & Mutations

You are frail. (-10% HP)
You have an increased reservoir of magic. (+10% MP)
You are covered in fur. (AC +1)
You are resistant to electric shocks. (rElec)


Message History

The bolt of acid misses the skeletal warrior.
The skeletal warrior closely misses you.
You feel better.
The skeletal warrior hits you with a short sword.
It was a potion of agility.
You feel agile all of a sudden.
The skeletal warrior hits you with a short sword.
* * * LOW HITPOINT WARNING * * *
You hit the skeletal warrior.
The skeletal warrior is heavily damaged.
The skeletal warrior hits you with a short sword!
* * * LOW HITPOINT WARNING * * *
You feel better.
The skeletal warrior hits you with a short sword!
* * * LOW HITPOINT WARNING * * *
It was a potion of degeneration.
There was something very wrong with that liquid.
You feel weakened.
You feel dopey.
You feel clumsy.
The skeletal warrior hits you with a short sword!
You die...

#............
############.###########
#...............#######
#......................
#####......................
#................#.........
####......#####.....#.........
..........##........#.........
.............z@...............
..........................####
..........................#
.............................
..........?........#.........
.....#######.......#.........#
..... #####+######......# ....
#####. ....


You could see a skeletal warrior.

Vanquished Creatures
  The ghost of buskinjo the Slasher, an amateur OpGl of Gozag (D:3)
  2 black bears (D:6)
  A centaur (D:5)
  An ogre (D:5)
  3 bullfrogs (D:6)
  2 scorpions
  A howler monkey (D:5)
  2 crimson imps
  A hound (D:5)
  6 orc wizards
  A bullfrog skeleton (D:6)
  2 jellies
  Ijyb (D:2)
  4 worker ants
  A howler monkey zombie (D:7)
  Robin (D:3)
  9 adders
  2 oozes (D:3)
  A worm (D:3)
  4 dart slugs
  3 leopard geckos
  21 orcs
  4 giant cockroaches
  14 goblins
  12 hobgoblins
  11 jackals
  5 kobolds
  5 quokkas
  2 ball pythons
  5 bats
  4 frilled lizards
  6 rats
138 creatures vanquished.

Vanquished Creatures (others)
  A scorpion (D:5)
  2 orcs (D:5)
3 creatures vanquished.

Grand Total: 141 creatures vanquished

Notes
Turn   | Place    | Note
-------+----------+-------------------------------------------
     0 | D:1      | Monzz the Hill Orc Monk began the quest for the Orb.
     0 | D:1      | Reached XP level 1. HP: 19/19 MP: 1/1
   120 | D:1      | Reached XP level 2. HP: 23/27 MP: 2/2
   590 | D:1      | Reached XP level 3. HP: 31/33 MP: 3/3
  1182 | D:2      | Reached skill level 5 in Axes
  1226 | D:2      | Reached XP level 4. HP: 38/41 MP: 4/4
  1450 | D:2      | Found a shadowy altar of Dithmenos.
  1972 | D:3      | Noticed Ijyb
  1993 | D:2      | Killed Ijyb
  2046 | D:3      | Noticed Robin
  2056 | D:2      | Reached XP level 5. HP: 40/47 MP: 5/5
  2203 | D:3      | Killed Robin
  2203 | D:3      | Reached skill level 1 in Armour
  2429 | D:3      | Reached skill level 6 in Axes
  2728 | D:3      | Reached XP level 6. HP: 52/53 MP: 6/6
  3181 | D:3      | Found a runed gate.
  3181 | D:3      | Found a runed gate.
  3182 | D:3      | Found a runed gate.
  3186 | D:3      | Noticed buskinjo's ghost (amateur OpGl)
  3188 | D:3      | Found a roughly hewn altar of Beogh.
  3285 | D:3      | Killed buskinjo's ghost
  3285 | D:3      | Reached skill level 7 in Axes
  3318 | D:3      | Got a dazzling scale mail
  3333 | D:3      | Identified the +3 scale mail "Vifaewitz" {rC- rN+ SInv}
                  | (You took it off an orc on level 3 of the Dungeon)
  3634 | D:4      | Reached skill level 5 in Fighting
  3665 | D:4      | You fall through a shaft for 2 floors!
  3665 | D:6      | Found a sacrificial altar of Ru.
  3686 | D:6      | Reached XP level 7. HP: 59/61 MP: 7/7
  3866 | D:6      | Found Leson's Armour Shoppe.
  3974 | D:6      | Found Fiubaicw's Food Boutique.
  4051 | D:6      | Reached skill level 8 in Axes
  4053 | D:6      | Found a bloodstained altar of Trog.
  4210 | D:6      | Found Ceiromei's Food Shop.
  4391 | D:6      | Reached XP level 8. HP: 67/69 MP: 8/8
  4451 | D:5      | Entered Level 5 of the Dungeon
  4473 | D:5      | Reached skill level 9 in Axes
  4566 | D:5      | Became a worshipper of Beogh the Brigand
  4566 | D:5      | Reached * piety under Beogh
  4566 | D:5      | Reached ** piety under Beogh
  4691 | D:5      | Found Posief's Food Shoppe.
  5294 | D:5      | Reached skill level 5 in Armour
  5375 | D:5      | Reached skill level 10 in Axes
  5473 | D:6      | Found Etuquufy's Armour Shop.
  5730 | D:7      | Noticed a skeletal warrior
  5752 | D:7      | Gained mutation: You are frail. (-10% HP) [potion of
                  | mutation]
  5752 | D:7      | Gained mutation: You have an increased reservoir of magic.
                  | (+10% MP) [potion of mutation]
  5752 | D:7      | Gained mutation: You are covered in fur. (AC +1) [potion of
                  | mutation]
  5752 | D:7      | Gained mutation: You are resistant to electric shocks.
                  | (rElec) [potion of mutation]
  5762 | D:7      | Mangled by a skeletal warrior

Skill      XL: |  1  2  3  4  5  6  7  8 |
---------------+-------------------------+-----
Fighting       | 4 5 6 |  6.1
Axes           | 5 6 7 8 10 | 10.5
Stealth        | 2 |  2.1
Armour         | 2 3 4 5 |  5.4
Dodging        | 3 |  3.5

Action                   |  1- 3 |  4- 6 |  7- 9 || total
-------------------------+-------+-------+-------++-------
Melee: Hand axe          |   131 |   284 |       ||   415
       War axe           |       |    13 |   145 ||   158
Invok: Smiting           |       |       |     1 ||     1
       Convert to Beogh  |       |       |     1 ||     1
Evoke: Wand              |       |       |     5 ||     5
  Use: Scroll            |     3 |     5 |     1 ||     9
       Potion            |       |     2 |     8 ||    10
 Stab: Sleeping          |     3 |       |       ||     3
  Eat: Chunk             |     1 |     5 |     6 ||    12
       Ration            |       |     1 |       ||     1
Armor: Robe              |    19 |       |       ||    19
       Chain mail        |    16 |   180 |    87 ||   283
Dodge: Dodged            |    75 |   116 |    48 ||   239
